 Dungeon Crawl Stone Soup version 0.19.0 (webtiles) character file.

353045 lorenzova the Sorcerer (level 21, 0/91 HPs)
             Began as a Deep Elf Conjurer on Nov 1, 2016.
             Was the Champion of Vehumet.
             Slain by an azure jelly (4 damage)
             ... on level 4 of the Pits of Slime.
             The game lasted 04:18:47 (67148 turns).

lorenzova the Sorcerer (Deep Elf Conjurer)         Turns: 67148, Time: 04:18:48

Health: 0/91       AC: 16    Str:  5    XL:     21   Next: 32%
Magic:  64/76      EV: 14    Int: 44    God:    Vehumet [******]
Gold:   2372       SH:  6    Dex: 17    Spells: 11 memorised, 15 levels left

rFire  . . .     SeeInvis +     I - staff of power
rCold  + . .     Gourm    .     O - +4 ring mail of Protective Custody {rCorr}
rNeg   . . .     Faith    .     H - +1 buckler of Jigsaw {rElec rC+ Str+4}
rPois  .         Spirit   .     N - +3 hat of Pondering {ponderous, MR+ MP+10 Int+5}
rElec  +         Reflect  .     U - +0 cloak
rCorr  +         Harm     .     i - +0 pair of gloves
MR     +++++                    G - +0 pair of boots of Gaceazom {Regen+}
Stlth  +++.......               C - amulet of Liberty {*Corrode +Rage Str+3 Int+4 SInv}
                                x - +4 ring of intelligence
                                Q - ring of Gorchu Nicuo {MR+++ Str-5 Dex+4 Stlth-}

@: corroded, deflect missiles, slow
A: iridescent scales 1, rugged brown scales 1, blurry vision 1, clumsy 1, frail
1, electricity resistance, weak 1, subdued magic 1
a: Renounce Religion, Evoke Berserk Rage
}: 2/15 runes: barnacled, gossamer


You were on level 4 of the Pits of Slime.
You worshipped Vehumet.
Vehumet was exalted by your worship.
You were very hungry.

You visited 8 branches of the dungeon, and saw 39 of its levels.
You also visited: Sewer, Ice Cave and Desolation.

You collected 3823 gold pieces.
You spent 1451 gold pieces at shops.

Inventory:

Armour
 h - the +4 skin of Zhor {rC+++}
   (You found it in the Desolation of Salt)

   It renders you almost immune to cold.
 i - a +0 pair of gloves (worn)
 G - the +0 pair of boots of Gaceazom (worn) {Regen+}
   (You found it on level 4 of the Dungeon)

   It increases your rate of regeneration.
 H - the +1 buckler of Jigsaw (worn) {rElec rC+ Str+4}
   (You found it in the Desolation of Salt)

   It affects your strength (+4).
   It protects you from cold.
   It insulates you from electricity.
 K - the +5 ring mail "Raowocs" {rPois rN+ Stlth+}
   (You found it on level 11 of the Dungeon)

   It protects you from poison.
   It protects you from negative energy.
   It makes you more stealthy.
 N - the +3 hat of Pondering (worn) {ponderous, MR+ MP+10 Int+5}
   (You found it on level 4 of the Shoals)

   It affects your intelligence (+5).
   It affects your resistance to hostile enchantments.
   It affects your magic capacity (+10).
 O - the +4 ring mail of Protective Custody (worn) {rCorr}
   (You found it on level 2 of the Spider Nest)

   It protects you from acid and corrosion.
 U - a +0 cloak (worn)
Magical Staves
 I - an uncursed staff of power (weapon)
 S - an uncursed staff of fire
 X - an uncursed staff of cold
Jewellery
 q - a +4 ring of dexterity
 x - a +4 ring of intelligence (right hand)
 z - an uncursed ring of protection from fire
 C - the amulet of Liberty (around neck) {*Corrode +Rage Str+3 Int+4 SInv}
   (You took it off a deep elf sorcerer on level 3 of the Elven Halls)

   [amulet of rage]

   It affects your strength (+3).
   It affects your intelligence (+4).
   It lets you see invisible.
   It lets you go berserk.
   It may corrode you when you take damage.
 Q - the ring of Gorchu Nicuo (left hand) {MR+++ Str-5 Dex+4 Stlth-}
   (You found it on level 7 of the Dungeon)

   [ring of loudness]

   It affects your strength (-5).
   It affects your dexterity (+4).
   It affects your resistance to hostile enchantments.
   It makes you less stealthy.
Wands
 c - a wand of paralysis (16/24)
 j - a wand of lightning (7/15)
 o - a wand of teleportation (4/9)
 w - a wand of lightning (7/15)
 y - a wand of lightning (11/15)
 B - a wand of digging (3/24)
 F - a wand of iceblast (3/15)
 R - a wand of iceblast (9/15)
Scrolls
 b - 3 scrolls of blinking
 d - 4 scrolls of recharging
 k - 16 scrolls of teleportation
 n - 4 scrolls of magic mapping
 p - 10 scrolls of enchant armour
 r - 3 scrolls of identify
 t - 2 scrolls of fog
 D - 2 scrolls of fear
 M - 12 scrolls of remove curse
 T - a scroll of acquirement
Potions
 a - 3 potions of cure mutation
 e - 3 potions of invisibility
 g - 4 potions of magic
 l - 4 potions of ambrosia
 m - a potion of haste
 s - 16 potions of curing
 u - 4 potions of heal wounds
 A - 3 potions of flight
 E - a potion of berserk rage
 J - 3 potions of cancellation
 L - a potion of resistance
 P - a potion of brilliance
Books
 v - a book of Ice

   Spells                             Type                      Level
   a - Ice Form                       Ice/Transmutation            4
   b - Metabolic Englaciation         Hexes/Ice                    5
   c - Ozocubu's Refrigeration        Ice                          6
   d - Bolt of Cold                   Conjuration/Ice              6
   e - Freezing Cloud                 Conjuration/Ice/Air          6
   f - Simulacrum                     Ice/Necromancy               6
Comestibles
 f - 8 royal jellies


   Skills:
 - Level 8.1 Armour
 + Level 11.2 Dodging
 + Level 11.6 Stealth
 - Level 4.4 Shields
 * Level 24.2 Spellcasting
 * Level 21.0 Conjurations
 - Level 12.6 Charms
 * Level 10.6 Translocations
 - Level 7.6 Fire Magic
 * Level 13.2 Ice Magic
 - Level 10.5 Air Magic
 - Level 4.5 Evocations


You had 15 spell levels left.
You knew the following spells:

 Your Spells              Type           Power        Failure   Level  Hunger
a - Magic Dart            Conj           ####         0%          1    None
b - Iskenderun's Battles  Conj/Chrm      ########     1%          5    None
c - Iskenderun's Mystic   Conj           ########     0%          4    None
d - Freezing Cloud        Conj/Ice/Air   #######...   1%          6    None
e - Conjure Ball Lightni  Conj/Air       #######...   1%          6    None
f - Fireball              Conj/Fire      #######...   1%          5    None
g - Swiftness             Chrm/Air       #######.     0%          2    None
h - Deflect Missiles      Chrm/Air       #######...   1%          6    None
i - Dispersal             Tloc           #######...   1%          6    None
m - Bolt of Fire          Conj/Fire      #######...   1%          6    None
n - Bolt of Cold          Conj/Ice       ########..   1%          6    None


Dungeon Overview and Level Annotations

Branches:
Dungeon (15/15)            Temple (1/1) D:4            Lair (6/6) D:11
 Shoals (4/4) Lair:2       Spider (4/4) Lair:2        Slime (4/5) Lair:5
    Orc (2/2) D:10            Elf (3/3) Orc:2        Vaults (0/5) D:13
 Depths (0/5) D:15

Altars:
Ashenzari
Cheibriados
Dithmenos
Elyvilon
Gozag
Hepliaklqana
Makhleb
Okawaru
Qazlal
Ru
Trog
Uskayaw
Vehumet
Xom
Yredelemnul
Zin
The Shining One
Jiyva

Shops:
D:15 :   Orc:1 }[(   Orc:2 %%%!(   Elf:1 ?%   Elf:3 :}=}*   Shoals:4 }

Annotations:
D:5 exclusion: upstairs


Innate Abilities, Weirdness & Mutations

You are partially covered in iridescent scales. (AC +2)
You are partially covered in rugged brown scales. (AC +1, +3% HP)
Scrolls take you a little longer to read.
You are clumsy. (Dex -2)
You are frail. (-10% HP)
You are resistant to electric shocks. (rElec)
You are weak. (Str -2)
Your spells are a little easier to cast, but a little less powerful.


Message History

The bolt of fire misses the azure jelly.
The azure jelly barely misses you. x2; The azure jelly hits you! x2
The slime creature hits you!
Unknown command.
Casting: Bolt of Fire
Confirm with . or Enter, or press ? or * to list all spells.
Aiming: Bolt of Fire
Press: ? - help, Shift-Dir - straight line, f/p - azure jelly
Aim: an azure jelly The bolt of fire hits the azure jelly.
The azure jelly is burned terribly!
The azure jelly is almost dead.
The azure jelly hits you but does no damage.
The azure jelly hits you! The azure jelly freezes you! You resist.
* * * LOW HITPOINT WARNING * * *
You block the azure jelly's attack. The azure jelly hits you!
* * * LOW HITPOINT WARNING * * *
The slime creature hits you!
* * * LOW HITPOINT WARNING * * *
The azure jelly hits you.
You die...

#.### .... .
... ..
#..#.#.
##.......
###........
##..........
#..J@.......
##..J.JJ.###
####.#.#.#
## J.


JJJ .. . You could see an azure jelly and 7 slime creatures.

Vanquished Creatures
  Arachne (Spider:2)
  Jorgrun (Elf:3)
  Rupert (D:13)
  Asterion (Spider:1)
  3 deep elf blademasters
  A sphinx (shapeshifter) (Elf:3)
  2 deep elf master archers (Elf:3)
  14 acid blobs
  2 krakens
  Frances (Elf:1)
  Polyphemus (Shoals:2)
  4 azure jellies
  Roxanne (Shoals:3)
  Ilsuiw (Shoals:4)
  6 deep elf sorcerers
  3 ghost moths
  A frost giant (IceCv)
  2 imperial myrmidons (Desolation)
  6 emperor scorpions
  7 deep elf elementalists
  The ghost of Gekot the Eclecticist, a journeyman DEFE of Vehumet (D:13)
  An entropy weaver (Spider:3)
  Nessos (Orc:2)
  2 spark wasps
  3 dire elephants (Lair:6)
  A halazid warlock (Desolation)
  10 deep elf annihilators
  The ghost of Shufflesack the Devastator, a journeyman DECj of Vehumet (D:13)
  6 merfolk javelineers
  The ghost of lorenzova the Unseen, a journeyman SpEn of Dithmenos (Lair:6)
  2 crystal guardians (Desolation)
  3 deep elf death magi (Elf:3)
  9 ragged hierophants (Desolation)
  A yaktaur captain (D:12)
  The ghost of KarmaPolice the Slinger, a journeyman HaHu of Okawaru (Lair:3)
  2 deep elf high priests (Elf:3)
  12 merfolk impalers
  A vault guard (D:13)
  4 great orbs of eyes
  Harold (Lair:4)
  8 hydras
  A centaur warrior (D:13)
  4 peacekeepers (Desolation)
  4 servants of whispers (Desolation)
  An anaconda (Lair:6)
  A catoblepas (Shoals:2)
  6 merfolk aquamancers
  A satyr (Shoals:4)
  6 merfolk avatars
  2 ogre magi (D:15)
  2 alligator snapping turtles (Shoals:4)
  20 dancing weapons
  21 death yaks
  6 tengu warriors
  Urug (D:15)
  4 orc high priests
  23 deep elf knights
  A fire crab (shapeshifter) (Elf:3)
  5 unseen horrors
  An unseen horror (shapeshifter) (Elf:1)
  11 sea snakes
  A wizard (D:15)
  Pikel (D:6)
  5 hill giants
  3 ironbrand convokers (Desolation)
  20 harpies
  70 deep elf magi
  13 deep elf archers
  4 orc knights (Orc:2)
  21 orb spiders
  6 orc sorcerers
  35 wolf spiders
  12 fauns
  An oklob plant (Shoals:1)
  5 cyclopes
  9 ugly things
  12 manticores
  6 shining eyes
  A moth of wrath (Spider:4)
  Maurice (D:8)
  3 black mambas
  A black mamba (shapeshifter) (D:15)
  12 elephants
  7 sirens
  3 eyes of devastation
  5 water nymphs
  An ice statue (IceCv)
  A gargoyle (D:13)
  2 guardian serpents (Desolation)
  12 spiny frogs
  2 torpor snails
  15 demonic crawlers
  3 komodo dragons
  3 rime drakes
  A rime drake (shapeshifter) (D:15)
  40 jumping spiders
  A queen bee (D:10)
  45 merfolk
  5 trolls
  19 polar bears (IceCv)
  A polar bear (shapeshifter) (D:15)
  4 tengu conjurers
  3 meliai (Spider:3)
  6 wind drakes
  30 saltlings (Desolation)
  8 two-headed ogres
  22 blink frogs
  Prince Ribbit (D:6)
  12 snapping turtles
  13 hornets
  The ghost of Flash162 the Shooter, an amateur HEHu (D:3)
  64 slime creatures
  21 hippogriffs
  12 dream sheep
  4 air elementals
  A wraith (D:13)
  20 water elementals
  4 shadows
  25 tarantellas
  70 redbacks
  6 fire elementals
  The ghost of lorenzova the Sneak, an amateur SpEn (D:4)
  2 basilisks
  40 yaks
  A basilisk (shapeshifter) (D:15)
  3 golden eyes (Slime:1)
  Eustachio (D:4)
  2 vampire mosquitoes (D:13)
  A hungry ghost (D:13)
  5 wargs
  A soldier ant (D:13)
  17 water moccasins
  A floating eye (Slime:4)
  3 ice beasts
  7 porcupines
  Duvessa (D:4)
  A phantom (D:4)
  20 orc warriors
  A slave (D:6)
  A black bear (shapeshifter) (D:13)
  A necrophage (D:8)
  3 sky beasts
  21 centaurs
  6 eyes of draining
  3 boggarts (D:15)
  18 ogres
  35 wolves
  13 crocodiles
  20 bullfrogs
  3 earth elementals
  Dowan (D:5)
  A water moccasin zombie (D:9)
  6 scorpions
  29 killer bees
  6 wights
  13 howler monkeys
  6 electric eels
  7 crimson imps
  A bullfrog zombie (D:6)
  2 centaur zombies
  6 hounds
  A quasit (D:8)
  4 bullfrog skeletons
  18 orc priests
  A jelly (D:10)
  4 centaur skeletons
  30 orc wizards
  Jessica (D:2)
  4 iguanas
  Natasha (thrice) (D:2)
  6 worker ants
  A hound zombie (D:5)
  2 howler monkey zombies
  4 worker ant zombies
  11 gnolls
  14 adders
  A river rat (D:3)
  4 shadow imps
  2 oozes
  3 adder skeletons
  An adder zombie (D:8)
  3 worms
  12 leopard geckos
  70 orcs
  7 giant cockroaches
  6 hobgoblins
  3 jackals
  6 kobolds
  6 quokkas
  5 ball pythons
  A bat (D:2)
  11 frilled lizards
  4 goblins
  A leopard gecko skeleton (D:6)
  6 rats
  A fungus (Lair:5)
  5 plants
  A tentacle (Shoals:2)
1559 creatures vanquished.

Vanquished Creatures (others)
  A deep elf master archer (Elf:3)
  A halazid warlock (Desolation)
  21 ball lightnings
  4 bushes (Lair:6)
  38 fungi
  34 plants
  21 tentacles
120 creatures vanquished.

Grand Total: 1679 creatures vanquished

Notes
Turn   | Place    | Note
-------+----------+-------------------------------------------
     0 | D:1      | lorenzova the Deep Elf Conjurer began the quest for the Orb.
     0 | D:1      | Reached XP level 1. HP: 10/10 MP: 6/6
   327 | D:1      | Reached XP level 2. HP: 15/15 MP: 5/8
  1240 | D:2      | Noticed Jessica
  1241 | D:2      | Killed Jessica
  1241 | D:2      | Reached skill level 4 in Spellcasting
  1241 | D:2      | Reached skill level 5 in Conjurations
  1241 | D:2      | Reached XP level 3. HP: 19/19 MP: 4/10
  1844 | D:2      | Noticed Natasha
  1849 | D:2      | Killed Natasha
  1849 | D:2      | Reached XP level 4. HP: 24/24 MP: 6/12
  1897 | D:2      | Learned a level 4 spell: Iskenderun's Mystic Blast
  2102 | D:2      | Noticed Natasha
  2108 | D:2      | Killed Natasha
  2108 | D:2      | Reached skill level 5 in Spellcasting
  2408 | D:2      | Noticed Natasha
  2412 | D:2      | Killed Natasha
  2412 | D:2      | Reached XP level 5. HP: 10/28 MP: 5/15
  2656 | D:3      | Noticed Flash162's ghost (amateur HEHu)
  3002 | D:3      | Found a glowing drain.
  3093 | Sewer    | Entered a sewer
  3188 | Sewer    | Reached skill level 6 in Spellcasting
  3818 | Sewer    | Reached XP level 6. HP: 19/32 MP: 10/17
  3950 | Sewer    | Identified a +7 rod of shadows (11/11) (You found it in a sewer)
  4706 | D:4      | Noticed lorenzova's ghost (amateur SpEn)
  4711 | D:4      | Reached skill level 7 in Spellcasting
  5348 | D:4      | Reached XP level 7. HP: 34/36 MP: 11/19
  5755 | D:4      | Noticed Eustachio
  5762 | D:4      | Killed Eustachio
  5945 | D:4      | Got a pair of ancient boots
  5951 | D:4      | Identified the +0 pair of boots of Gaceazom {Regen+} (You found it on level 4 of the Dungeon)
  6063 | D:5      | Entered Level 5 of the Dungeon
  6377 | D:5      | Reached skill level 8 in Spellcasting
  6626 | D:5      | Found a shadowy altar of Dithmenos.
  6792 | D:5      | Reached XP level 8. HP: 33/41 MP: 3/22
  6823 | D:4      | Noticed Duvessa
  6823 | D:4      | Noticed Dowan
  6838 | D:5      | Reached skill level 9 in Spellcasting
  7562 | D:5      | Found a basalt altar of Yredelemnul.
  7651 | D:4      | Found a staircase to the Ecumenical Temple.
  7876 | D:4      | Killed Duvessa
  7876 | D:4      | Reached skill level 10 in Spellcasting
  7986 | D:5      | Killed Dowan
  8047 | D:4      | Killed lorenzova's ghost
  8218 | Temple   | Entered the Ecumenical Temple
  8231 | Temple   | Became a worshipper of Vehumet
  8279 | D:5      | Reached skill level 10 in Conjurations
  8378 | D:6      | Noticed Prince Ribbit
  8447 | D:6      | Reached skill level 11 in Spellcasting
  8447 | D:6      | Reached XP level 9. HP: 44/45 MP: 14/26
  8554 | D:6      | Killed Prince Ribbit
  8625 | D:6      | You fall through a shaft for 2 floors!
  8634 | D:8      | Found a white marble altar of Elyvilon.
  9062 | D:7      | Found a sacrificial altar of Ru.
  9096 | D:7      | Found an opulent altar of Gozag.
  9099 | D:7      | Found a stormy altar of Qazlal.
  9100 | D:7      | Found a bloodstained altar of Trog.
  9222 | D:7      | Got a translucent glass ring
  9372 | D:6      | Reached * piety under Vehumet
  9372 | D:6      | Offered knowledge of Freeze by Vehumet.
  9529 | D:6      | Reached skill level 12 in Spellcasting
  9882 | D:6      | Found a hazy altar of Hepliaklqana.
 10099 | D:6      | Found a hide-covered altar of Uskayaw.
 10155 | D:6      | Noticed Pikel
 10173 | D:6      | Killed Pikel
 10661 | D:6      | Reached XP level 10. HP: 48/50 MP: 19/28
 11081 | D:7      | Reached skill level 13 in Spellcasting
 11268 | D:8      | Noticed a deep elf mage
 11272 | D:8      | Killed a deep elf mage
 11795 | D:8      | Lost strength.
 11795 | D:8      | Identified the ring of Gorchu Nicuo {MR+++ Str-5 Dex+4 Stlth-} (You found it on level 7 of the Dungeon)
 11807 | D:8      | Noticed Maurice
 11810 | D:8      | Killed Maurice
 12087 | D:8      | Offered knowledge of Throw Flame by Vehumet.
 12138 | D:8      | Reached ** piety under Vehumet
 12304 | D:8      | Learned a level 5 spell: Iskenderun's Battlesphere
 12330 | D:8      | Found a faded altar of an unknown god.
 12330 | D:8      | Found a faded altar of an unknown god.
 12335 | D:8      | Found a glowing golden altar of the Shining One.
 12337 | D:8      | Found a faded altar of an unknown god.
 12339 | D:8      | Found a faded altar of an unknown god.
 12539 | D:9      | Reached skill level 14 in Spellcasting
 13095 | D:9      | Killed an unseen horror
 13673 | D:9      | Found a burning altar of Makhleb.
 13738 | D:10     | Entered Level 10 of the Dungeon
 13756 | D:10     | Noticed a hill giant
 13759 | D:10     | Killed a hill giant
 13759 | D:10     | Reached skill level 15 in Spellcasting
 13759 | D:10     | Reached XP level 11. HP: 54/54 MP: 20/32
 13893 | D:10     | Offered knowledge of Ignite Poison by Vehumet.
 14283 | D:10     | Reached *** piety under Vehumet
 14653 | D:10     | Offered knowledge of Conjure Flame by Vehumet.
 14941 | D:10     | Found a staircase to the Orcish Mines.
 15000 | D:10     | Reached **** piety under Vehumet
 15104 | D:10     | Offered knowledge of Stone Arrow by Vehumet.
 15652 | D:11     | Got a polished ring mail
 15806 | D:11     | Reached skill level 16 in Spellcasting
 15924 | D:11     | Found a staircase to the Lair.
 15940 | D:11     | Noticed a tengu warrior
 15943 | D:11     | Killed a tengu warrior
 16457 | D:11     | Reached skill level 1 in Charms
 16754 | Lair:1   | Entered Level 1 of the Lair of Beasts
 16830 | Lair:1   | Noticed a seven-headed hydra
 16834 | Lair:1   | Killed a seven-headed hydra
 16834 | Lair:1   | Reached skill level 15 in Conjurations
 16910 | Lair:1   | Reached XP level 12. HP: 59/59 MP: 28/34
 16916 | Lair:1   | Noticed a six-headed hydra
 16971 | Lair:1   | Killed a six-headed hydra
 17179 | Lair:1   | Reached skill level 17 in Spellcasting
 17510 | Lair:1   | Reached ***** piety under Vehumet
 17510 | Lair:1   | Reached skill level 5 in Charms
 17528 | Lair:1   | Offered knowledge of Ozocubu's Refrigeration by Vehumet.
 17953 | Lair:2   | Reached skill level 1 in Armour
 18166 | Lair:2   | HP: 1/59 [jumping spider (16)]
 18313 | Lair:2   | Found a hole to the Spider Nest.
 18461 | Lair:2   | Found a staircase to the Shoals.
 19261 | Lair:3   | Gained mutation: You are resistant to electric shocks. (rElec) [potion of beneficial mutation]
 19262 | Lair:3   | Gained mutation: You are partially covered in iridescent scales. (AC +2) [potion of beneficial mutation]
 19495 | Lair:3   | Identified the Handbook of Sinister Secrets
 19517 | Lair:3   | Noticed KarmaPolice's ghost (journeyman HaHu)
 19524 | Lair:3   | Killed KarmaPolice's ghost
 19927 | Lair:3   | Noticed a five-headed hydra
 19931 | Lair:3   | Killed a five-headed hydra
 20143 | Lair:1   | Identified the +5 ring mail "Raowocs" {rPois rN+ Stlth+} (You found it on level 11 of the Dungeon)
 20319 | Lair:4   | Noticed Harold
 20330 | Lair:4   | Killed Harold
 20341 | Lair:4   | Reached XP level 13. HP: 59/63 MP: 5/36
 20581 | Lair:4   | Reached skill level 5 in Armour
 21978 | Lair:5   | Found a runed door.
 22136 | Lair:5   | Found a viscous altar of Jiyva.
 22136 | Lair:5   | Noticed an acid blob
 22353 | Lair:5   | Found a staircase to the Slime Pits.
 22369 | Lair:6   | Entered Level 6 of the Lair of Beasts
 22484 | Lair:6   | Noticed lorenzova's ghost (journeyman SpEn)
 22485 | Lair:6   | Killed lorenzova's ghost
 22485 | Lair:6   | Reached skill level 18 in Spellcasting
 23801 | Lair:6   | Reached skill level 10 in Charms
 24128 | Lair:5   | Offered knowledge of Airstrike by Vehumet.
 24562 | Lair:6   | Reached XP level 14. HP: 68/68 MP: 13/38
 27390 | D:12     | Reached skill level 19 in Spellcasting
 27963 | D:13     | Noticed Gekot's ghost (journeyman DEFE)
 27966 | D:13     | Killed Gekot's ghost
 28194 | D:13     | Reached skill level 5 in Stealth
 28430 | D:13     | Noticed Shufflesack's ghost (journeyman DECj)
 28434 | D:13     | Killed Shufflesack's ghost
 28522 | D:13     | Noticed Rupert
 28536 | D:13     | Killed Rupert
 29330 | D:13     | Found a gate to the Vaults.
 29544 | D:13     | Reached skill level 5 in Dodging
 30107 | D:11     | Reached XP level 15. HP: 72/72 MP: 36/40
 30168 | Lair:1   | Learned a level 5 spell: Fireball
 30175 | Lair:1   | Learned a level 6 spell: Bolt of Fire
 30423 | Lair:6   | Reached skill level 1 in Shields
 30444 | Lair:6   | Offered knowledge of Bolt of Cold by Vehumet.
 30452 | Lair:6   | Learned a level 6 spell: Bolt of Cold
 30554 | Lair:6   | Reached skill level 1 in Fire Magic
 31845 | Lair:6   | Got a bound diamond amulet
 32020 | Lair:6   | Identified the amulet "Quries" {Gourm Str+8} (You found it on level 6 of the Lair of Beasts)
 32303 | Orc:1    | Entered Level 1 of the Orcish Mines
 32303 | Orc:1    | Found Naqub's Weapon Shoppe.
 32303 | Orc:1    | Found Leson's Armour Shoppe.
 32303 | Orc:1    | Found Epsios's Gadget Emporium.
 32324 | Orc:1    | Found a frozen archway.
 32341 | IceCv    | Entered an ice cave
 33089 | IceCv    | Reached ****** piety under Vehumet
 33258 | IceCv    | Offered knowledge of Iron Shot by Vehumet.
 33389 | IceCv    | Noticed a frost giant
 33560 | IceCv    | Killed a frost giant
 34379 | Orc:1    | You fall through a shaft!
 34379 | Orc:2    | Entered Level 2 of the Orcish Mines
 34460 | Orc:2    | Noticed Nessos
 34465 | Orc:2    | Killed Nessos
 34465 | Orc:2    | Reached skill level 1 in Ice Magic
 34840 | Orc:2    | Found a staircase to the Elven Halls.
 35286 | Orc:2    | Found Viadass's Food Emporium.
 35292 | Orc:2    | Found Soqidol's Distillery.
 35301 | Orc:2    | Bought a potion of invisibility for 88 gold pieces
 35301 | Orc:2    | Bought a potion of brilliance for 44 gold pieces
 35307 | Orc:2    | Found Eghud's Antique Weapon Boutique.
 35309 | Orc:2    | Found Hywat's Food Emporium.
 35453 | Orc:2    | Found a bloodstained altar of Trog.
 35488 | Orc:2    | Found Larphi Hele's Food Emporium.
 35627 | Orc:2    | Reached skill level 5 in Fire Magic
 35698 | Orc:2    | Reached skill level 20 in Spellcasting
 35715 | Elf:1    | Entered Level 1 of the Elven Halls
 36186 | D:3      | Killed Flash162's ghost
 36897 | D:15     | Entered Level 15 of the Dungeon
 36948 | D:15     | Found Zugor's Book Emporium.
 37005 | D:15     | Bought a book of Enchantments for 850 gold pieces
 37012 | D:15     | Learned a level 6 spell: Deflect Missiles
 37075 | D:15     | Found an iron altar of Okawaru.
 37099 | D:15     | Reached skill level 1 in Air Magic
 37283 | D:15     | Offered knowledge of Poison Arrow by Vehumet.
 37435 | D:15     | Reached XP level 16. HP: 76/76 MP: 25/42
 37726 | D:15     | Found a staircase to the Depths.
 37801 | D:15     | Noticed Urug
 37809 | D:15     | Killed Urug
 38665 | Lair:1   | Identified 3 scrolls of acquirement
 38956 | Spider:1 | Entered Level 1 of the Spider Nest
 38958 | Spider:1 | Noticed Asterion
 39045 | Shoals:1 | Entered Level 1 of the Shoals
 39048 | Shoals:1 | Reached skill level 5 in Air Magic
 39616 | Shoals:1 | Found a shattered altar of Ashenzari.
 40043 | Shoals:1 | Got a blackened short sword
 40044 | Shoals:1 | Identified the +6 short sword "Reese" {flame, rF+ rN+} (You found it on level 1 of the Shoals)
 40474 | Shoals:2 | Offered knowledge of Conjure Ball Lightning by Vehumet.
 40482 | Shoals:2 | Learned a level 6 spell: Conjure Ball Lightning
 40763 | Shoals:2 | Reached skill level 21 in Spellcasting
 40872 | Shoals:2 | Noticed Polyphemus
 40880 | Shoals:2 | Killed Polyphemus
 40949 | Shoals:2 | Gained mutation: You are partially covered in rugged brown scales. (AC +1, +3% HP) [potion of beneficial mutation]
 41762 | Shoals:2 | Noticed a kraken
 41773 | Shoals:2 | Killed a kraken
 41773 | Shoals:2 | Reached skill level 5 in Ice Magic
 42463 | Shoals:3 | Reached XP level 17. HP: 79/82 MP: 7/44
 42974 | Shoals:3 | Noticed Roxanne
 42985 | Shoals:3 | Killed Roxanne
 43312 | Shoals:3 | Got a shimmering pewter ring
 43313 | Shoals:3 | Identified the ring of Cukooptu {rElec Stlth+} (You found it on level 3 of the Shoals)
 43561 | Shoals:4 | Entered Level 4 of the Shoals
 43680 | Shoals:4 | Got a scintillating marble ring
 44000 | Shoals:4 | Noticed Ilsuiw
 44263 | Shoals:4 | Killed Ilsuiw
 44408 | Shoals:4 | Noticed a kraken
 44948 | Shoals:4 | Found Jeizudd's Gadget Boutique.
 46517 | Shoals:4 | Identified the ring "Miezoadut" {Ice MR+} (You found it on level 4 of the Shoals)
 47013 | Shoals:4 | Killed a kraken
 47163 | Shoals:4 | Got a barnacled rune of Zot
 47176 | Shoals:4 | Offered knowledge of Freezing Cloud by Vehumet.
 47518 | Shoals:4 | Got a pitted short sword
 47519 | Shoals:4 | Identified the +5 short sword "Dragonbane" {elec, +Blink +Fly MR+ Int-2} (You found it on level 4 of the Shoals)
 48137 | Lair:1   | Learned a level 6 spell: Freezing Cloud
 48963 | Elf:1    | Reached skill level 1 in Evocations
 48994 | Elf:1    | Found Lonwyilu's Food Boutique.
 48994 | Elf:1    | Found Qaaveifu's Magic Scroll Shop.
 49021 | Elf:1    | Bought a scroll of identify for 30 gold pieces
 49021 | Elf:1    | Bought a scroll of blinking for 112 gold pieces
 49021 | Elf:1    | Bought a scroll of summoning for 142 gold pieces
 49410 | Elf:1    | Reached XP level 18. HP: 87/87 MP: 43/45
 49418 | Elf:1    | Reached skill level 10 in Air Magic
 49708 | Elf:1    | Noticed Frances
 49716 | Elf:1    | Killed Frances
 50559 | Elf:2    | Reached skill level 22 in Spellcasting
 50571 | Elf:2    | Found a ruined gateway.
 50580 | Desolati | Entered the Desolation of Salt
 50604 | Desolati | Offered knowledge of Glaciate by Vehumet.
 50604 | Desolati | Offered knowledge of Chain Lightning by Vehumet.
 50604 | Desolati | Offered knowledge of Tornado by Vehumet.
 51199 | Desolati | Got a heavily runed platinum amulet
 51218 | Desolati | Identified the Almanac of Spatial Enchantment
 51224 | Desolati | Identified the amulet "Baif" {Harm *Drain Dex+3} (You took it off an imperial myrmidon in the Desolation of Salt)
 51283 | Desolati | Got a faintly humming buckler
 51294 | Desolati | Identified the +1 buckler of Jigsaw {rElec rC+ Str+4} (You found it in the Desolation of Salt)
 51323 | Desolati | Learned a level 6 spell: Dispersal
 51329 | Desolati | Identified the Tome of the Frostbite and Sinister Arts
 51504 | Desolati | Identified the Papyrus of Beguiling and Transformation
 51518 | Desolati | Got a twitching tin ring
 51519 | Desolati | Identified the ring "Mun Nemi" {Wiz Str+2} (You found it in the Desolation of Salt)
 51521 | Desolati | Got a transparent rapier
 51522 | Desolati | Identified the +7 rapier "Cugoq" {drain, Str+3} (You found it in the Desolation of Salt)
 51744 | Desolati | Got a smoking iron ring
 51921 | Desolati | Learned a level 2 spell: Swiftness
 51957 | Desolati | Reached skill level 1 in Translocations
 52109 | Desolati | Identified the Disquisition on Darkness
 52125 | Desolati | Identified the ring of the Amoeba {+Fly MR+ Dex+4} (You took it off a ragged hierophant in the Desolation of Salt)
 52249 | Desolati | Got a crude tin ring
 52253 | Desolati | Identified the ring "Kizuusme" {Int+2 Stlth-} (You found it in the Desolation of Salt)
 52896 | Spider:1 | Killed Asterion
 53820 | Spider:1 | Got a twisted robe
 53831 | Spider:1 | Identified the +2 robe of Ydiphuul {rC+} (You found it on level 1 of the Spider Nest)
 53997 | Spider:2 | Noticed Arachne
 54003 | Spider:2 | Killed Arachne
 55538 | Elf:2    | Reached XP level 19. HP: 48/91 MP: 47/47
 55674 | Elf:2    | Reached skill level 10 in Ice Magic
 56243 | Elf:2    | Found a huge runed gate.
 56245 | Elf:2    | Found a huge runed gate.
 56245 | Elf:2    | Found a huge runed gate.
 56246 | Elf:2    | Found a huge runed gate.
 56246 | Elf:2    | Found a huge runed gate.
 56883 | Elf:2    | Reached skill level 5 in Translocations
 57174 | Elf:3    | Entered Level 3 of the Elven Halls
 57198 | Elf:3    | Found Vuryut's One-of-a-Kind Books.
 57987 | Elf:3    | Reached skill level 23 in Spellcasting
 58029 | Elf:3    | Got a glittering steel amulet
 58290 | Elf:3    | Found Ketu's Jewellery Shoppe.
 58291 | Elf:3    | Found Opiys's Gadget Shop.
 58291 | Elf:3    | Found Sutzeac's Gadget Shop.
 58622 | Elf:3    | Noticed Jorgrun
 58625 | Elf:3    | Killed Jorgrun
 58652 | Elf:3    | Found Cylachuts's Assorted Antiques.
 58660 | Elf:3    | Bought a potion of heal wounds for 185 gold pieces
 58862 | Elf:3    | Reached skill level 10 in Stealth
 58862 | Elf:3    | Reached XP level 20. HP: 87/96 MP: 49/49
 59131 | Elf:3    | Identified Lom Lobon's Reference Book on Orientation
 59231 | Elf:3    | Identified the amulet of Liberty {*Corrode +Rage Str+3 Int+4 SInv} (You took it off a deep elf sorcerer on level 3 of the Elven Halls)
 59349 | Elf:3    | Got a warped leather armour
 59360 | Elf:3    | Identified the cursed +1 leather armour "Rawy" {+Blink MR- Dex-4 Stlth+} (You took it off a deep elf elementalist on level 3 of the Elven Halls)
 60369 | Spider:3 | Reached skill level 10 in Dodging
 61787 | Spider:4 | Entered Level 4 of the Spider Nest
 63522 | Spider:4 | Got a gossamer rune of Zot
 63629 | Spider:2 | Got a brightly glowing ring mail
 63640 | Spider:2 | Identified the +4 ring mail of Protective Custody {rCorr} (You found it on level 2 of the Spider Nest)
 63845 | Slime:1  | Entered Level 1 of the Pits of Slime
 65288 | Slime:3  | Gained mutation: You are clumsy. (Dex -2) [a shining eye]
 65289 | Slime:3  | Gained mutation: Scrolls take you a little longer to read. [a shining eye]
 65295 | Slime:3  | Reached skill level 24 in Spellcasting
 65295 | Slime:3  | Reached XP level 21. HP: 77/100 MP: 38/51
 65498 | Slime:3  | Reached skill level 10 in Translocations
 66133 | Slime:1  | Gained mutation: You are weak. (Str -2) [a shining eye]
 66134 | Slime:1  | Gained mutation: Your spells are a little easier to cast, but a little less powerful. [a shining eye]
 66343 | Slime:1  | Gained mutation: You are frail. (-10% HP) [a shining eye]
 67148 | Slime:4  | HP: 4/91 [slime creature (10)]
 67148 | Slime:4  | Slain by an azure jelly

Skill      XL: |  1  2  3  4  5  6  7  8  9 10 11 12 13 14 15 16 17 18 19 20 21 |
---------------+----------------------------------------------------------------+-----
Spellcasting   | 4 5 6 7 8 11 12 15 16 17 18 19 20 21 22 23 24 | 24.2
Conjurations   | 5 6 7 8 10 11 13 15 16 17 18 19 20 21 | 21.0
Charms         | 2 7 10 12 | 12.6
Armour         | 4 7 8 |  8.1
Dodging        | 5 6 7 8 9 10 11 | 11.2
Stealth        | 5 6 7 8 10 11 | 11.6
Shields        | 4 |  4.4
Fire Magic     | 5 6 7 |  7.6
Ice Magic      | 3 5 8 9 11 12 13 | 13.2
Air Magic      | 2 8 9 10 | 10.5
Evocations     | 2 4 |  4.5
Translocations | 4 7 9 10 | 10.6

Action                   |  1- 3 |  4- 6 |  7- 9 | 10-12 | 13-15 | 16-18 | 19-21 || total
-------------------------+-------+-------+-------+-------+-------+-------+-------++-------
Melee: Unarmed           |       |    11 |       |       |       |       |       ||    11
       Short sword       |       |     2 |     3 |     1 |    93 |    29 |       ||   128
       Staff             |       |       |       |       |       |     2 |     5 ||     7
 Cast: Magic Dart        |    65 |   139 |   287 |   391 |   498 |   719 |   420 ||  2519
       Iskenderun's Myst |       |     8 |    59 |   104 |   299 |   340 |   294 ||  1104
       Iskenderun's Batt |       |       |       |    83 |   158 |   200 |   133 ||   574
       Fireball          |       |       |       |       |    26 |    22 |    12 ||    60
       Bolt of Fire      |       |       |       |       |    22 |    39 |   119 ||   180
       Bolt of Cold      |       |       |       |       |     1 |    60 |    34 ||    95
       Conjure Ball Ligh |       |       |       |       |       |     7 |       ||     7
       Deflect Missiles  |       |       |       |       |       |     6 |     2 ||     8
       Freezing Cloud    |       |       |       |       |       |     6 |     5 ||    11
       Swiftness         |       |       |       |       |       |       |     4 ||     4
 Abil: Evoke Flight      |       |       |       |       |       |     5 |       ||     5
Evoke: Wand              |       |       |       |       |     6 |     2 |     1 ||     9
  Use: Scroll            |     2 |       |       |    14 |     4 |    28 |     5 ||    53
       Potion            |       |       |       |    12 |     1 |     4 |       ||    17
  Eat: Chunk             |     2 |     9 |    11 |    22 |    48 |    47 |    16 ||   155
       Fruit             |       |     3 |       |       |       |       |     1 ||     4
       Meat ration       |       |       |     1 |       |       |       |       ||     1
       Royal jelly       |       |       |     1 |     1 |     1 |       |     4 ||     7
       Beef jerky        |       |       |       |     1 |       |       |       ||     1
       Bread ration      |       |       |       |     1 |     2 |     2 |     1 ||     6
       Pizza             |       |       |       |     1 |     1 |       |     1 ||     3
Armor: Robe              |     1 |     8 |    18 |       |       |       |       ||    27
       Leather armour    |       |       |    15 |    28 |    10 |       |       ||    53
       Ring mail         |       |       |       |       |    71 |   113 |    90 ||   274
Dodge: Dodged            |     3 |    36 |    83 |    69 |   171 |   253 |   152 ||   767
       Deflected         |       |       |       |       |       |    69 |    23 ||    92
Block: Buckler           |       |       |       |       |    13 |   119 |    88 ||   220
       Reflection        |       |       |       |       |       |    25 |     4 ||    29
